Workbook
Name IndexListes: [1]Data!$A$2:$A$199
Name IndexTypesFormations: [1]Data!$S$2:$S$16
Name ListeFormations: [1]Data!$X$2:$X$91
Name ListeTypesFormations: [1]Data!$T$2:$T$16

Sheet Données Formation
B2: LISTING FORMATION
B5: Formation | C5: Type | D5: Activité | E5: Caractère
B6: Améliorer la qualité opérationnelle en production | C6: Formation classique | D6: Qualité | E6: Non obligatoire
B7: Audit Qualité | C7: Formation classique | D7: Qualité | E7: Non obligatoire
B8: B2/BR/H0 | C8: Habilitation | D8: Electrique | E8: Obligatoire
B9: B2/BR/H0 RECYCLAGE | C9: Habilitation | D9: Electrique | E9: Obligatoire
B10: CACES 1 R389 | C10: Habilitation | D10: Conduite d'engins | E10: Obligatoire
B11: CACES 1B R386 | C11: Habilitation | D11: Conduite d'engins | E11: Obligatoire
B12: CACES 3 | C12: Habilitation | D12: Conduite d'engins | E12: Obligatoire
B13: CACES 3 R389 | C13: Habilitation | D13: Conduite d'engins | E13: Obligatoire
B14: CACES 3A R386 | C14: Habilitation | D14: Conduite d'engins | E14: Obligatoire
B15: CACES 3B | C15: Habilitation | D15: Conduite d'engins | E15: Obligatoire
B16: CACES 3B R386 | C16: Habilitation | D16: Conduite d'engins | E16: Obligatoire
... B54: Manager la prévention Une entreprise à vivre | C54: Formation classique | D54: Management | E54: Non obligatoire
B55: Maniement des extincteurs | D55: Incendie | E55: Obligatoire
B56: Montage échaffaudage | C56: Formation classique | D56: Echaffaudage | E56: Non obligatoire
B57: MS project | C57: Formation classique | D57: Gestion de projet | E57: Non obligatoire
B58: PCR LUG | C58: Certification | D58: Radioprotection | E58: Obligatoire
B59: PCR RN | C59: Certification | D59: Radioprotection | E59: Obligatoire
B60: Performance Achat | C60: Formation classique | D60: Achats | E60: Non obligatoire
B61: Permis feu | C61: permis feu obligatoire | D61: Incendie | E61: Obligatoire
B62: Pont/Elingingage | C62: Habilitation | D62: Manutention | E62: Obligatoire
B63: Pose de Chevilles | C63: Certification | D63: Montage | E63: Obligatoire
B64: PR1 CC | C64: Habilitation | D64: Nucléaire | E64: Obligatoire
B65: PR1 CR | C65: Habilitation | D65: Nucléaire | E65: Obligatoire
B66: PR1CC | C66: Habilitation | D66: Nucléaire | E66: Obligatoire
B67: QUARTZ - Achats | C67: Formation classique | D67: Achats | E67: Non obligatoire
... B107: Vision - Consolidation | C107: Formation classique | D107: Finance | E107: Non obligatoire

Sheet Données salariés
B2: Données salariés | I2: A mettre à jour chaque mois
B4: =TODAY() -> 44202
B6: NOM | C6: Entreprise | D6: Matricule | E6: Sexe | F6: Date de naissance | G6: Tranche d'âge | H6: Classification
B7: Nom 1 | C7: SUD | D7: 6075678 | E7: H | F7: 32133 | G7: =IF((($B$4-F7)/365)>50,"> 50 ans",IF((($B$4-F7)/365)<31,"< ou = 30 ans","Entre 31 et 50 ans")) -> Entre 31 et 50 ans | H7: Ouvriers
B8: Nom 2 | C8: PI | D8: =D7+7485 -> 6083163 | E8: F | F8: 34502 | G8: =IF((($B$4-F8)/365)>50,"> 50 ans",IF((($B$4-F8)/365)<31,"< ou = 30 ans","Entre 31 et 50 ans")) -> < ou = 30 ans | H8: Cadres forfait jours
B9: Nom 3 | C9: NORD | D9: =D8+7485 -> 6090648 | E9: H | F9: 35072 | G9: =IF((($B$4-F9)/365)>50,"> 50 ans",IF((($B$4-F9)/365)<31,"< ou = 30 ans","Entre 31 et 50 ans")) -> < ou = 30 ans | H9: ETAM
B10: Nom 4 | C10: NORD | D10: =D9+7485 -> 6098133 | E10: H | F10: 30231 | G10: =IF((($B$4-F10)/365)>50,"> 50 ans",IF((($B$4-F10)/365)<31,"< ou = 30 ans","Entre 31 et 50 ans")) -> Entre 31 et 50 ans | H10: ETAM
B11: Nom 5 | C11: UF | D11: =D10+7485 -> 6105618 | E11: F | F11: 32972 | G11: =IF((($B$4-F11)/365)>50,"> 50 ans",IF((($B$4-F11)/365)<31,"< ou = 30 ans","Entre 31 et 50 ans")) -> < ou = 30 ans | H11: Cadres forfait jours
B12: Nom 6 | C12: NORD | D12: =D11+7485 -> 6113103 | E12: H | F12: 35859 | G12: =IF((($B$4-F12)/365)>50,"> 50 ans",IF((($B$4-F12)/365)<31,"< ou = 30 ans","Entre 31 et 50 ans")) -> < ou = 30 ans | H12: ETAM
B13: Nom 7 | C13: SUD | D13: =D12+7485 -> 6120588 | E13: H | F13: 34594 | G13: =IF((($B$4-F13)/365)>50,"> 50 ans",IF((($B$4-F13)/365)<31,"< ou = 30 ans","Entre 31 et 50 ans")) -> < ou = 30 ans | H13: Cadres forfait jours
B14: Nom 8 | C14: NORD | D14: =D13+7485 -> 6128073 | E14: H | F14: 31331 | G14: =IF((($B$4-F14)/365)>50,"> 50 ans",IF((($B$4-F14)/365)<31,"< ou = 30 ans","Entre 31 et 50 ans")) -> Entre 31 et 50 ans | H14: ETAM
B15: Nom 9 | C15: NORD | D15: =D14+7485 -> 6135558 | E15: H | F15: 31456 | G15: =IF((($B$4-F15)/365)>50,"> 50 ans",IF((($B$4-F15)/365)<31,"< ou = 30 ans","Entre 31 et 50 ans")) -> Entre 31 et 50 ans | H15: Cadres forfait jours
B16: Nom 10 | C16: NORD | D16: =D15+7485 -> 6143043 | E16: H | F16: 36769 | G16: =IF((($B$4-F16)/365)>50,"> 50 ans",IF((($B$4-F16)/365)<31,"< ou = 30 ans","Entre 31 et 50 ans")) -> < ou = 30 ans | H16: ETAM
B17: Nom 11 | C17: SUD | D17: =D16+7485 -> 6150528 | E17: F | F17: 32166 | G17: =IF((($B$4-F17)/365)>50,"> 50 ans",IF((($B$4-F17)/365)<31,"< ou = 30 ans","Entre 31 et 50 ans")) -> Entre 31 et 50 ans | H17: ETAM
B18: Nom 12 | C18: PI | D18: =D17+7485 -> 6158013 | E18: H | F18: 28856 | G18: =IF((($B$4-F18)/365)>50,"> 50 ans",IF((($B$4-F18)/365)<31,"< ou = 30 ans","Entre 31 et 50 ans")) -> Entre 31 et 50 ans | H18: Cadres forfait jours
B19: Nom 13 | C19: PI | D19: =D18+7485 -> 6165498 | E19: H | F19: 26363 | G19: =IF((($B$4-F19)/365)>50,"> 50 ans",IF((($B$4-F19)/365)<31,"< ou = 30 ans","Entre 31 et 50 ans")) -> Entre 31 et 50 ans | H19: Cadres forfait jours
... B24: Nom 18 | C24: PI | D24: =D23+7485 -> 6202923 | E24: H | F24: 27265 | G24: =IF((($B$4-F24)/365)>50,"> 50 ans",IF((($B$4-F24)/365)<31,"< ou = 30 ans","Entre 31 et 50 ans")) -> Entre 31 et 50 ans | H24: Cadres forfait jours

Sheet UF
B5: DEVELOPPEMENT DES RICHESSES HUMAINES
B7: Entreprise | D7: Budget année | E7: 2021 | H7: Devise | I7: EUR | P7: Rappel Masse salariale 2021 | T7: Budget formation 2020 / Masse salariale | W7: =IF(S7=0,0,X12/S7) -> 0 | X7: Nombre d'heures / salarié | Y7: =Q12/(COUNTIF(K16:K300,"Unique")) -> 6
B8: Société | D8: Effectif | P8: Rappel Masse salariale 2020 | T8: Rappel taux Budget 2020 | W8: =IF(Y8=0,0,Y8/S8) -> 0 | X8: Coût total Formation (2020)
E10: TOTAL Adaptation, Evolution et Maintien dans l'emploi (ADAPT) | M10: ADAPT | N10: =SUMPRODUCT((E$16:E$19711=M$10)*(N$16:N$19711)) -> #VALUE! | O10: =SUMPRODUCT((E$16:E$19711=M$10)*(O$16:O$19711)) -> #VALUE! | P10: =SUMPRODUCT((E$16:E$19711=M$10)*(P$16:P$19711)) -> #VALUE! | Q10: =SUMPRODUCT(($E$16:$E$19711=$M$10)*(Q$16:Q$19711)) -> 36 | S10: =SUMPRODUCT(($E$16:$E$19711=$M$10)*(S$16:S$19711)) -> 3240 | T10: =SUMPRODUCT(($E$16:$E$19711=$M$10)*(T$16:T$19711)) -> 0 | U10: =SUMPRODUCT(($E$16:$E$19711=$M$10)*(U$16:U$19711)) -> 0 | W10: =SUMPRODUCT(($E$16:$E$19711=$M$10)*(W$16:W$19711)) -> 750 | X10: =SUMPRODUCT(($E$16:$E$19711=$M$10)*(X$16:X$19711)) -> 3990 | Y10: =SUMPRODUCT(($E$16:$E$19711=$M$10)*(Y$16:Y$19711)) -> 1 | Z10: =SUMPRODUCT(($E$16:$E$19711=$M$10)*(Z$16:Z$19711)) -> 0 | AA10: =SUMPRODUCT(($E$16:$E$19711=$M$10)*(AA$16:AA$19711)) -> 0 | AB10: =SUMPRODUCT(($E$16:$E$19711=$M$10)*(AB$16:AB$19711)) -> 0 | AC10: =SUMPRODUCT(($E$16:$E$19711=$M$10)*(AC$16:AC$19711)) -> 0
B11: (1) Types d'actions : ADAPT - Adaptation, évolution et maintien dans l'emploi ; DEV - Développement des compétences | E11: TOTAL Développement des compétences (DEV) | M11: DEV | N11: =SUMPRODUCT((E$16:E$19711=M$11)*(N$16:N$19711)) -> #VALUE! | O11: =SUMPRODUCT((E$16:E$19711=M$11)*(O$16:O$19711)) -> #VALUE! | P11: =SUMPRODUCT((E$16:E$19711=M$11)*(P$16:P$19711)) -> #VALUE! | Q11: =SUMPRODUCT(($E$16:$E$19711=$M$11)*(Q$16:Q$19711)) -> 0 | S11: =SUMPRODUCT(($E$16:$E$19711=$M$11)*(S$16:S$19711)) -> 0 | T11: =SUMPRODUCT(($E$16:$E$19711=$M$11)*(T$16:T$19711)) -> 0 | U11: =SUMPRODUCT(($E$16:$E$19711=$M$11)*(U$16:U$19711)) -> 0 | W11: =SUMPRODUCT(($E$16:$E$19711=$M$11)*(W$16:W$19711)) -> 0 | X11: =SUMPRODUCT(($E$16:$E$19711=$M$11)*(X$16:X$19711)) -> 0 | Y11: =SUMPRODUCT(($E$16:$E$19711=$M$11)*(Y$16:Y$19711)) -> 0 | AB11: =SUMPRODUCT(($E$16:$E$19711=$M$11)*(AB$16:AB$19711)) -> 0 | AC11: =SUMPRODUCT(($E$16:$E$19711=$M$11)*(AC$16:AC$19711)) -> 0
B12: (2) Pour les opérationnels, prendre le taux devis ; Pour les fonctionnels, le taux se calcule comme suit : | E12: TOTAL GENERAL | N12: =SUM(N16:N18951) -> 2 | O12: =SUM(O16:O18951) -> 0 | P12: =SUM(P16:P18951) -> 4 | Q12: =SUM(Q16:Q18951) -> 36 | S12: =SUM(S16:S18951) -> 3240 | T12: =SUM(T16:T18951) -> 0 | U12: =SUM(U16:U18951) -> 0 | W12: =SUM(W16:W18951) -> 750 | X12: =SUM(X16:X18951) -> 3990 | Y12: =SUM(Y16:Y18951) -> 1 | AB12: =SUM(AB16:AB18951) -> 0 | AC12: =SUM(AC16:AC18951) -> 0
B13: (rém.mens.brute*T.de.charge*Coef.de.F.Généraux)/(horaire mensuel) | E13: Sous total filtré | N13: =SUBTOTAL(9,N16:N18951) -> 2 | O13: =SUBTOTAL(9,O16:O18951) -> 0 | P13: =SUBTOTAL(9,P16:P18951) -> 4 | Q13: =SUBTOTAL(9,Q16:Q18951) -> 36 | S13: =SUBTOTAL(9,S16:S18951) -> 3240 | T13: =SUBTOTAL(9,T16:T18951) -> 0 | U13: =SUBTOTAL(9,U16:U18951) -> 0 | W13: =SUBTOTAL(9,W16:W18951) -> 750 | X13: =SUBTOTAL(9,X16:X18951) -> 3990 | Y13: =SUBTOTAL(9,Y16:Y18951) -> 1 | AB13: =SUBTOTAL(9,AB16:AB18951) -> 0 | AC13: =SUBTOTAL(9,AC16:AC18951) -> 0
B14: Domaine de formation | C14: Formation | D14: Caractère | E14: Type d'action | F14: Mode de formation | G14: Stagiaire | I14: Sexe | J14: Tranche âge | L14: Prévu au budget | M14: Section | N14: Nombre de stagiaire | Q14: Durée unitaire | R14: Taux horaire | S14: Coût du temps passé | T14: Frais de déplacements | V14: Organisme | W14: Coûts pédagogiques | X14: Coût total | Y14: Réalisé | Z14: Début | AA14: Fin | AB14: Formation prévue | AC14: Annulé | AD14: Commentraires
G15: Matricule | H15: Nom | N15: IAC | O15: ETAM | P15: OUV. | Q15: en heure | T15: Hébergement | U15: Transport
B16: Langues | C16: Espagnol | D16: =IF(C16=0,"",VLOOKUP(C16,'Données Formation'!B$6:E107,4,FALSE)) -> Non obligatoire | E16: ADAPT | F16: A distance | G16: =IF(H16=0,"",VLOOKUP(H16,'Données salariés'!B$6:G24,3,TRUE)) -> 6105618 | H16: Nom 5 | I16: =IF(H16=0,"",VLOOKUP(H16,'Données salariés'!B$6:G24,4,TRUE)) -> F | J16: =IF(H16=0,"",VLOOKUP(H16,'Données salariés'!B$6:G24,6,TRUE)) -> < ou = 30 ans | K16: =IF(H16=0,"",IF(SUMPRODUCT(($H$15:$H15=$H16)*($I$15:$I15=$I16)*($Y$15:$Y15=$Y16) )=0,"Unique","Doublon")) -> Unique | L16: Oui | N16: =IF(H16=0,"",IF(VLOOKUP(H16,'Données salariés'!B$6:H$300,7,TRUE)="Cadres forfait jours",1,"")) -> 1 | O16: =IF(H16=0,"",IF(VLOOKUP(H16,'Données salariés'!B$6:H$300,7,TRUE)="ETAM",1,"")) | P16: =IF(H16=0,"",IF(VLOOKUP(H16,'Données salariés'!B$6:H$300,7,TRUE)="Ouvriers",1,"")) | Q16: 36 | R16: 90 | S16: =R16*Q16 -> 3240 | W16: 750 | X16: =S16+T16+U16+W16 -> 3990 | Y16: 1
D17: =IF(C17=0,"",VLOOKUP(C17,'Données Formation'!B$6:E108,4,FALSE)) | E17: ADAPT | G17: =IF(H17=0,"",VLOOKUP(H17,'Données salariés'!B$6:G25,3,TRUE)) -> 6113103 | H17: Nom 6 | I17: =IF(H17=0,"",VLOOKUP(H17,'Données salariés'!B$6:G25,4,TRUE)) -> H | J17: =IF(H17=0,"",VLOOKUP(H17,'Données salariés'!B$6:G25,6,TRUE)) -> < ou = 30 ans | K17: =IF(H17=0,"",IF(SUMPRODUCT(($H$15:$H16=$H17)*($I$15:$I16=$I17)*($Y$15:$Y16=$Y17) )=0,"Unique","Doublon")) -> Unique | N17: =IF(H17=0,"",IF(VLOOKUP(H17,'Données salariés'!B$6:H$300,7,TRUE)="Cadres forfait jours",1,"")) -> 1 | O17: =IF(H17=0,"",IF(VLOOKUP(H17,'Données salariés'!B$6:H$300,7,TRUE)="ETAM",1,"")) | P17: =IF(H17=0,"",IF(VLOOKUP(H17,'Données salariés'!B$6:H$300,7,TRUE)="Ouvriers",1,"")) | S17: =R17*Q17 -> 0 | X17: =S17+T17+U17+W17 -> 0
D18: =IF(C18=0,"",VLOOKUP(C18,'Données Formation'!B$6:E109,4,FALSE)) | E18: DEV | G18: =IF(H18=0,"",VLOOKUP(H18,'Données salariés'!B$6:G26,3,TRUE)) -> 6150528 | H18: Nom 11 | I18: =IF(H18=0,"",VLOOKUP(H18,'Données salariés'!B$6:G26,4,TRUE)) -> F | J18: =IF(H18=0,"",VLOOKUP(H18,'Données salariés'!B$6:G26,6,TRUE)) -> Entre 31 et 50 ans | K18: =IF(H18=0,"",IF(SUMPRODUCT(($H$15:$H17=$H18)*($I$15:$I17=$I18)*($Y$15:$Y17=$Y18) )=0,"Unique","Doublon")) -> Unique | N18: =IF(H18=0,"",IF(VLOOKUP(H18,'Données salariés'!B$6:H$300,7,TRUE)="Cadres forfait jours",1,"")) | O18: =IF(H18=0,"",IF(VLOOKUP(H18,'Données salariés'!B$6:H$300,7,TRUE)="ETAM",1,"")) | P18: =IF(H18=0,"",IF(VLOOKUP(H18,'Données salariés'!B$6:H$300,7,TRUE)="Ouvriers",1,"")) -> 1 | S18: =R18*Q18 -> 0 | X18: =S18+T18+U18+W18 -> 0
D19: =IF(C19=0,"",VLOOKUP(C19,'Données Formation'!B$6:E110,4,FALSE)) | E19: ADAPT | G19: =IF(H19=0,"",VLOOKUP(H19,'Données salariés'!B$6:G27,3,TRUE)) -> 6172983 | H19: Nom 14 | I19: =IF(H19=0,"",VLOOKUP(H19,'Données salariés'!B$6:G27,4,TRUE)) -> H | J19: =IF(H19=0,"",VLOOKUP(H19,'Données salariés'!B$6:G27,6,TRUE)) -> > 50 ans | K19: =IF(H19=0,"",IF(SUMPRODUCT(($H$15:$H18=$H19)*($I$15:$I18=$I19)*($Y$15:$Y18=$Y19) )=0,"Unique","Doublon")) -> Unique | N19: =IF(H19=0,"",IF(VLOOKUP(H19,'Données salariés'!B$6:H$300,7,TRUE)="Cadres forfait jours",1,"")) | O19: =IF(H19=0,"",IF(VLOOKUP(H19,'Données salariés'!B$6:H$300,7,TRUE)="ETAM",1,"")) | P19: =IF(H19=0,"",IF(VLOOKUP(H19,'Données salariés'!B$6:H$300,7,TRUE)="Ouvriers",1,"")) -> 1 | S19: =R19*Q19 -> 0 | X19: =S19+T19+U19+W19 -> 0
D20: =IF(C20=0,"",VLOOKUP(C20,'Données Formation'!B$6:E111,4,FALSE)) | E20: DEV | G20: =IF(H20=0,"",VLOOKUP(H20,'Données salariés'!B$6:G28,3,TRUE)) -> 6075678 | H20: Nom 1 | I20: =IF(H20=0,"",VLOOKUP(H20,'Données salariés'!B$6:G28,4,TRUE)) -> H | J20: =IF(H20=0,"",VLOOKUP(H20,'Données salariés'!B$6:G28,6,TRUE)) -> Entre 31 et 50 ans | K20: =IF(H20=0,"",IF(SUMPRODUCT(($H$15:$H19=$H20)*($I$15:$I19=$I20)*($Y$15:$Y19=$Y20) )=0,"Unique","Doublon")) -> Unique | N20: =IF(H20=0,"",IF(VLOOKUP(H20,'Données salariés'!B$6:H$300,7,TRUE)="Cadres forfait jours",1,"")) | O20: =IF(H20=0,"",IF(VLOOKUP(H20,'Données salariés'!B$6:H$300,7,TRUE)="ETAM",1,"")) | P20: =IF(H20=0,"",IF(VLOOKUP(H20,'Données salariés'!B$6:H$300,7,TRUE)="Ouvriers",1,"")) -> 1 | S20: =R20*Q20 -> 0 | X20: =S20+T20+U20+W20 -> 0
D21: =IF(C21=0,"",VLOOKUP(C21,'Données Formation'!B$6:E112,4,FALSE)) | G21: =IF(H21=0,"",VLOOKUP(H21,'Données salariés'!B$6:G29,3,TRUE)) -> 6158013 | H21: Nom 12 | I21: =IF(H21=0,"",VLOOKUP(H21,'Données salariés'!B$6:G29,4,TRUE)) -> H | J21: =IF(H21=0,"",VLOOKUP(H21,'Données salariés'!B$6:G29,6,TRUE)) -> Entre 31 et 50 ans | K21: =IF(H21=0,"",IF(SUMPRODUCT(($H$15:$H20=$H21)*($I$15:$I20=$I21)*($Y$15:$Y20=$Y21) )=0,"Unique","Doublon")) -> Unique | N21: =IF(H21=0,"",IF(VLOOKUP(H21,'Données salariés'!B$6:H$300,7,TRUE)="Cadres forfait jours",1,"")) | O21: =IF(H21=0,"",IF(VLOOKUP(H21,'Données salariés'!B$6:H$300,7,TRUE)="ETAM",1,"")) | P21: =IF(H21=0,"",IF(VLOOKUP(H21,'Données salariés'!B$6:H$300,7,TRUE)="Ouvriers",1,"")) -> 1 | S21: =R21*Q21 -> 0 | X21: =S21+T21+U21+W21 -> 0
D22: =IF(C22=0,"",VLOOKUP(C22,'Données Formation'!B$6:E113,4,FALSE)) | G22: =IF(H22=0,"",VLOOKUP(H22,'Données salariés'!B$6:G30,3,TRUE)) | I22: =IF(H22=0,"",VLOOKUP(H22,'Données salariés'!B$6:G30,4,TRUE)) | J22: =IF(H22=0,"",VLOOKUP(H22,'Données salariés'!B$6:G30,6,TRUE)) | K22: =IF(H22=0,"",IF(SUMPRODUCT(($H$15:$H21=$H22)*($I$15:$I21=$I22)*($Y$15:$Y21=$Y22) )=0,"Unique","Doublon")) | N22: =IF(H22=0,"",IF(VLOOKUP(H22,'Données salariés'!B$6:H$300,7,TRUE)="Cadres forfait jours",1,"")) | O22: =IF(H22=0,"",IF(VLOOKUP(H22,'Données salariés'!B$6:H$300,7,TRUE)="ETAM",1,"")) | P22: =IF(H22=0,"",IF(VLOOKUP(H22,'Données salariés'!B$6:H$300,7,TRUE)="Ouvriers",1,"")) | S22: =R22*Q22 -> 0 | X22: =S22+T22+U22+W22 -> 0
D23: =IF(C23=0,"",VLOOKUP(C23,'Données Formation'!B$6:E114,4,FALSE)) | G23: =IF(H23=0,"",VLOOKUP(H23,'Données salariés'!B$6:G31,3,TRUE)) | I23: =IF(H23=0,"",VLOOKUP(H23,'Données salariés'!B$6:G31,4,TRUE)) | J23: =IF(H23=0,"",VLOOKUP(H23,'Données salariés'!B$6:G31,6,TRUE)) | K23: =IF(H23=0,"",IF(SUMPRODUCT(($H$15:$H22=$H23)*($I$15:$I22=$I23)*($Y$15:$Y22=$Y23) )=0,"Unique","Doublon")) | N23: =IF(H23=0,"",IF(VLOOKUP(H23,'Données salariés'!B$6:H$300,7,TRUE)="Cadres forfait jours",1,"")) | O23: =IF(H23=0,"",IF(VLOOKUP(H23,'Données salariés'!B$6:H$300,7,TRUE)="ETAM",1,"")) | P23: =IF(H23=0,"",IF(VLOOKUP(H23,'Données salariés'!B$6:H$300,7,TRUE)="Ouvriers",1,"")) | S23: =R23*Q23 -> 0 | X23: =S23+T23+U23+W23 -> 0
D24: =IF(C24=0,"",VLOOKUP(C24,'Données Formation'!B$6:E115,4,FALSE)) | G24: =IF(H24=0,"",VLOOKUP(H24,'Données salariés'!B$6:G32,3,TRUE)) | I24: =IF(H24=0,"",VLOOKUP(H24,'Données salariés'!B$6:G32,4,TRUE)) | J24: =IF(H24=0,"",VLOOKUP(H24,'Données salariés'!B$6:G32,6,TRUE)) | K24: =IF(H24=0,"",IF(SUMPRODUCT(($H$15:$H23=$H24)*($I$15:$I23=$I24)*($Y$15:$Y23=$Y24) )=0,"Unique","Doublon")) | N24: =IF(H24=0,"",IF(VLOOKUP(H24,'Données salariés'!B$6:H$300,7,TRUE)="Cadres forfait jours",1,"")) | O24: =IF(H24=0,"",IF(VLOOKUP(H24,'Données salariés'!B$6:H$300,7,TRUE)="ETAM",1,"")) | P24: =IF(H24=0,"",IF(VLOOKUP(H24,'Données salariés'!B$6:H$300,7,TRUE)="Ouvriers",1,"")) | S24: =R24*Q24 -> 0 | X24: =S24+T24+U24+W24 -> 0
D25: =IF(C25=0,"",VLOOKUP(C25,'Données Formation'!B$6:E116,4,FALSE)) | G25: =IF(H25=0,"",VLOOKUP(H25,'Données salariés'!B$6:G33,3,TRUE)) | I25: =IF(H25=0,"",VLOOKUP(H25,'Données salariés'!B$6:G33,4,TRUE)) | J25: =IF(H25=0,"",VLOOKUP(H25,'Données salariés'!B$6:G33,6,TRUE)) | K25: =IF(H25=0,"",IF(SUMPRODUCT(($H$15:$H24=$H25)*($I$15:$I24=$I25)*($Y$15:$Y24=$Y25) )=0,"Unique","Doublon")) | N25: =IF(H25=0,"",IF(VLOOKUP(H25,'Données salariés'!B$6:H$300,7,TRUE)="Cadres forfait jours",1,"")) | O25: =IF(H25=0,"",IF(VLOOKUP(H25,'Données salariés'!B$6:H$300,7,TRUE)="ETAM",1,"")) | P25: =IF(H25=0,"",IF(VLOOKUP(H25,'Données salariés'!B$6:H$300,7,TRUE)="Ouvriers",1,"")) | S25: =R25*Q25 -> 0 | X25: =S25+T25+U25+W25 -> 0
D26: =IF(C26=0,"",VLOOKUP(C26,'Données Formation'!B$6:E117,4,FALSE)) | G26: =IF(H26=0,"",VLOOKUP(H26,'Données salariés'!B$6:G34,3,TRUE)) | I26: =IF(H26=0,"",VLOOKUP(H26,'Données salariés'!B$6:G34,4,TRUE)) | J26: =IF(H26=0,"",VLOOKUP(H26,'Données salariés'!B$6:G34,6,TRUE)) | K26: =IF(H26=0,"",IF(SUMPRODUCT(($H$15:$H25=$H26)*($I$15:$I25=$I26)*($Y$15:$Y25=$Y26) )=0,"Unique","Doublon")) | N26: =IF(H26=0,"",IF(VLOOKUP(H26,'Données salariés'!B$6:H$300,7,TRUE)="Cadres forfait jours",1,"")) | O26: =IF(H26=0,"",IF(VLOOKUP(H26,'Données salariés'!B$6:H$300,7,TRUE)="ETAM",1,"")) | P26: =IF(H26=0,"",IF(VLOOKUP(H26,'Données salariés'!B$6:H$300,7,TRUE)="Ouvriers",1,"")) | S26: =R26*Q26 -> 0 | X26: =S26+T26+U26+W26 -> 0
D27: =IF(C27=0,"",VLOOKUP(C27,'Données Formation'!B$6:E118,4,FALSE)) | G27: =IF(H27=0,"",VLOOKUP(H27,'Données salariés'!B$6:G35,3,TRUE)) | I27: =IF(H27=0,"",VLOOKUP(H27,'Données salariés'!B$6:G35,4,TRUE)) | J27: =IF(H27=0,"",VLOOKUP(H27,'Données salariés'!B$6:G35,6,TRUE)) | K27: =IF(H27=0,"",IF(SUMPRODUCT(($H$15:$H26=$H27)*($I$15:$I26=$I27)*($Y$15:$Y26=$Y27) )=0,"Unique","Doublon")) | N27: =IF(H27=0,"",IF(VLOOKUP(H27,'Données salariés'!B$6:H$300,7,TRUE)="Cadres forfait jours",1,"")) | O27: =IF(H27=0,"",IF(VLOOKUP(H27,'Données salariés'!B$6:H$300,7,TRUE)="ETAM",1,"")) | P27: =IF(H27=0,"",IF(VLOOKUP(H27,'Données salariés'!B$6:H$300,7,TRUE)="Ouvriers",1,"")) | S27: =R27*Q27 -> 0 | X27: =S27+T27+U27+W27 -> 0
D28: =IF(C28=0,"",VLOOKUP(C28,'Données Formation'!B$6:E119,4,FALSE)) | G28: =IF(H28=0,"",VLOOKUP(H28,'Données salariés'!B$6:G36,3,TRUE)) | I28: =IF(H28=0,"",VLOOKUP(H28,'Données salariés'!B$6:G36,4,TRUE)) | J28: =IF(H28=0,"",VLOOKUP(H28,'Données salariés'!B$6:G36,6,TRUE)) | K28: =IF(H28=0,"",IF(SUMPRODUCT(($H$15:$H27=$H28)*($I$15:$I27=$I28)*($Y$15:$Y27=$Y28) )=0,"Unique","Doublon")) | N28: =IF(H28=0,"",IF(VLOOKUP(H28,'Données salariés'!B$6:H$300,7,TRUE)="Cadres forfait jours",1,"")) | O28: =IF(H28=0,"",IF(VLOOKUP(H28,'Données salariés'!B$6:H$300,7,TRUE)="ETAM",1,"")) | P28: =IF(H28=0,"",IF(VLOOKUP(H28,'Données salariés'!B$6:H$300,7,TRUE)="Ouvriers",1,"")) | S28: =R28*Q28 -> 0 | X28: =S28+T28+U28+W28 -> 0
D29: =IF(C29=0,"",VLOOKUP(C29,'Données Formation'!B$6:E120,4,FALSE)) | G29: =IF(H29=0,"",VLOOKUP(H29,'Données salariés'!B$6:G37,3,TRUE)) | I29: =IF(H29=0,"",VLOOKUP(H29,'Données salariés'!B$6:G37,4,TRUE)) | J29: =IF(H29=0,"",VLOOKUP(H29,'Données salariés'!B$6:G37,6,TRUE)) | K29: =IF(H29=0,"",IF(SUMPRODUCT(($H$15:$H28=$H29)*($I$15:$I28=$I29)*($Y$15:$Y28=$Y29) )=0,"Unique","Doublon")) | N29: =IF(H29=0,"",IF(VLOOKUP(H29,'Données salariés'!B$6:H$300,7,TRUE)="Cadres forfait jours",1,"")) | O29: =IF(H29=0,"",IF(VLOOKUP(H29,'Données salariés'!B$6:H$300,7,TRUE)="ETAM",1,"")) | P29: =IF(H29=0,"",IF(VLOOKUP(H29,'Données salariés'!B$6:H$300,7,TRUE)="Ouvriers",1,"")) | S29: =R29*Q29 -> 0 | X29: =S29+T29+U29+W29 -> 0
D30: =IF(C30=0,"",VLOOKUP(C30,'Données Formation'!B$6:E121,4,FALSE)) | G30: =IF(H30=0,"",VLOOKUP(H30,'Données salariés'!B$6:G38,3,TRUE)) | I30: =IF(H30=0,"",VLOOKUP(H30,'Données salariés'!B$6:G38,4,TRUE)) | J30: =IF(H30=0,"",VLOOKUP(H30,'Données salariés'!B$6:G38,6,TRUE)) | K30: =IF(H30=0,"",IF(SUMPRODUCT(($H$15:$H29=$H30)*($I$15:$I29=$I30)*($Y$15:$Y29=$Y30) )=0,"Unique","Doublon")) | N30: =IF(H30=0,"",IF(VLOOKUP(H30,'Données salariés'!B$6:H$300,7,TRUE)="Cadres forfait jours",1,"")) | O30: =IF(H30=0,"",IF(VLOOKUP(H30,'Données salariés'!B$6:H$300,7,TRUE)="ETAM",1,"")) | P30: =IF(H30=0,"",IF(VLOOKUP(H30,'Données salariés'!B$6:H$300,7,TRUE)="Ouvriers",1,"")) | S30: =R30*Q30 -> 0 | X30: =S30+T30+U30+W30 -> 0
D31: =IF(C31=0,"",VLOOKUP(C31,'Données Formation'!B$6:E122,4,FALSE)) | G31: =IF(H31=0,"",VLOOKUP(H31,'Données salariés'!B$6:G39,3,TRUE)) | I31: =IF(H31=0,"",VLOOKUP(H31,'Données salariés'!B$6:G39,4,TRUE)) | J31: =IF(H31=0,"",VLOOKUP(H31,'Données salariés'!B$6:G39,6,TRUE)) | K31: =IF(H31=0,"",IF(SUMPRODUCT(($H$15:$H30=$H31)*($I$15:$I30=$I31)*($Y$15:$Y30=$Y31) )=0,"Unique","Doublon")) | N31: =IF(H31=0,"",IF(VLOOKUP(H31,'Données salariés'!B$6:H$300,7,TRUE)="Cadres forfait jours",1,"")) | O31: =IF(H31=0,"",IF(VLOOKUP(H31,'Données salariés'!B$6:H$300,7,TRUE)="ETAM",1,"")) | P31: =IF(H31=0,"",IF(VLOOKUP(H31,'Données salariés'!B$6:H$300,7,TRUE)="Ouvriers",1,"")) | S31: =R31*Q31 -> 0 | X31: =S31+T31+U31+W31 -> 0
D32: =IF(C32=0,"",VLOOKUP(C32,'Données Formation'!B$6:E123,4,FALSE)) | G32: =IF(H32=0,"",VLOOKUP(H32,'Données salariés'!B$6:G40,3,TRUE)) | I32: =IF(H32=0,"",VLOOKUP(H32,'Données salariés'!B$6:G40,4,TRUE)) | J32: =IF(H32=0,"",VLOOKUP(H32,'Données salariés'!B$6:G40,6,TRUE)) | K32: =IF(H32=0,"",IF(SUMPRODUCT(($H$15:$H31=$H32)*($I$15:$I31=$I32)*($Y$15:$Y31=$Y32) )=0,"Unique","Doublon")) | N32: =IF(H32=0,"",IF(VLOOKUP(H32,'Données salariés'!B$6:H$300,7,TRUE)="Cadres forfait jours",1,"")) | O32: =IF(H32=0,"",IF(VLOOKUP(H32,'Données salariés'!B$6:H$300,7,TRUE)="ETAM",1,"")) | P32: =IF(H32=0,"",IF(VLOOKUP(H32,'Données salariés'!B$6:H$300,7,TRUE)="Ouvriers",1,"")) | S32: =R32*Q32 -> 0 | X32: =S32+T32+U32+W32 -> 0
D33: =IF(C33=0,"",VLOOKUP(C33,'Données Formation'!B$6:E124,4,FALSE)) | G33: =IF(H33=0,"",VLOOKUP(H33,'Données salariés'!B$6:G41,3,TRUE)) | I33: =IF(H33=0,"",VLOOKUP(H33,'Données salariés'!B$6:G41,4,TRUE)) | J33: =IF(H33=0,"",VLOOKUP(H33,'Données salariés'!B$6:G41,6,TRUE)) | K33: =IF(H33=0,"",IF(SUMPRODUCT(($H$15:$H32=$H33)*($I$15:$I32=$I33)*($Y$15:$Y32=$Y33) )=0,"Unique","Doublon")) | N33: =IF(H33=0,"",IF(VLOOKUP(H33,'Données salariés'!B$6:H$300,7,TRUE)="Cadres forfait jours",1,"")) | O33: =IF(H33=0,"",IF(VLOOKUP(H33,'Données salariés'!B$6:H$300,7,TRUE)="ETAM",1,"")) | P33: =IF(H33=0,"",IF(VLOOKUP(H33,'Données salariés'!B$6:H$300,7,TRUE)="Ouvriers",1,"")) | S33: =R33*Q33 -> 0 | X33: =S33+T33+U33+W33 -> 0
... D300: =IF(C300=0,"",VLOOKUP(C300,'Données Formation'!B$6:E391,4,FALSE)) | G300: =IF(H300=0,"",VLOOKUP(H300,'Données salariés'!B$6:G308,3,TRUE)) | I300: =IF(H300=0,"",VLOOKUP(H300,'Données salariés'!B$6:G308,4,TRUE)) | J300: =IF(H300=0,"",VLOOKUP(H300,'Données salariés'!B$6:G308,6,TRUE)) | K300: =IF(H300=0,"",IF(SUMPRODUCT(($H$15:$H299=$H300)*($I$15:$I299=$I300)*($Y$15:$Y299=$Y300) )=0,"Unique","Doublon")) | N300: =IF(H300=0,"",IF(VLOOKUP(H300,'Données salariés'!B$6:H$300,7,TRUE)="Cadres forfait jours",1,"")) | O300: =IF(H300=0,"",IF(VLOOKUP(H300,'Données salariés'!B$6:H$300,7,TRUE)="ETAM",1,"")) | P300: =IF(H300=0,"",IF(VLOOKUP(H300,'Données salariés'!B$6:H$300,7,TRUE)="Ouvriers",1,"")) | S300: =R300*Q300 -> 0 | X300: =S300+T300+U300+W300 -> 0
